 Dungeon Crawl Stone Soup version 0.28.0-43-g3370ac3207 (webtiles) character file.

Game seed: 16027213452807326252

140081 crimpus the Peltast (level 16, -8/161 HPs)
             Began as a Minotaur Fighter on Mar 20, 2022.
             Was the Champion of the Shining One.
             Mangled by an entropy weaver (17 damage)
             ... on level 2 of the Spider Nest.
             The game lasted 00:55:26 (32986 turns).

crimpus the Peltast (Minotaur Fighter)             Turns: 32986, Time: 00:55:28

Health: -8/161     AC:  0    Str: 30    XL:     16   Next: 75%
Magic:  33/35      EV: 14    Int:  5    God:    the Shining One [******]
Gold:   1369       SH: 34    Dex: 11    Spells: 15/15 levels left

rFire   . . .      SeeInvis .   k - +7 mace of Turmoil {vorpal, MP+9}
rCold   . . .      Faith    .   L - +2 tower shield
rNeg    + + +      Spirit   .   J - +2 chain mail {rN+}
rPois   +          Reflect  +   (helmet unavailable)
rElec   .          Harm     .   E - +0 cloak
rCorr   .          Rampage  ∞   r - +2 pair of gloves of the Gastropod {MP+9 Dex+2 Stlth+}
Will    +....                   e - +3 pair of seven-league boots {Rampage+∞}
Stlth   ..........              W - amulet of reflection
HPRegen 0.36/turn               i - ring of poison resistance
MPRegen 0.24/turn               K - +4 ring of evasion

@: mighty, divinely shielded, corroded, hasted, glowing, very quick
A: horns 3, retaliatory headbutt, iridescent scales 1, robust 1
a: Renounce Religion, Divine Shield, Cleansing Flame, Summon Divine Warrior,
Brand Weapon With Holy Wrath


You were on level 2 of the Spider Nest.
You worshipped the Shining One.
The Shining One was exalted by your worship.
You visited 5 branches of the dungeon, and saw 25 of its levels.
You also visited: Ice Cave.

You collected 2252 gold pieces.
You spent 883 gold pieces at shops.

Inventory:

Hand Weapons
 a - a +1 spectral war axe
 k - the +7 mace of Turmoil (weapon) {vorpal, MP+9}
   (You found it on level 3 of the Dungeon)

   It inflicts extra damage upon your enemies.
   MP:        It affects your magic capacity (+9).
Missiles
 p - 2 throwing nets (quivered)
Armour
 e - the +3 pair of seven-league boots (worn) {Rampage+∞}
   (You acquired it on level 2 of the Dungeon)

   Its wearer moves as far as possible in that direction when moving towards
   enemies.
 f - the +1 scale mail of Aruiphum {Fly}
   (You found it on level 3 of the Dungeon)

   Fly:       It grants you flight.
 r - the +2 pair of gloves of the Gastropod (worn) {MP+9 Dex+2 Stlth+}
   (You bought it in a shop on level 6 of the Dungeon)

   Dex:       It affects your dexterity (+2).
   MP:        It affects your magic capacity (+9).
   Stlth:     It makes you more stealthy.
 E - a +0 cloak (worn)
 J - a +2 chain mail of positive energy (worn)
 L - a +2 tower shield (worn)
Jewellery
 i - a ring of poison resistance (left hand)
 n - a ring of ice
 o - a ring of protection from fire
 K - a +4 ring of evasion (right hand)
 Q - a ring of protection from fire
 W - an amulet of reflection (around neck)
Wands
 h - a wand of mindburst (15)
 q - a wand of paralysis (22)
 t - a wand of iceblast (40)
 v - a wand of flame (52)
 F - a wand of polymorph (21)
 O - a wand of acid (2)
 S - a wand of digging (11)
Scrolls
 l - 9 scrolls of identify
 y - 3 scrolls of fear
 z - a scroll of fog
 A - a scroll of amnesia
 C - 3 scrolls of blinking
 G - a scroll of brand weapon
 H - 2 scrolls of magic mapping
 T - 3 scrolls of holy word
Potions
 b - 2 potions of cancellation
 d - a potion of haste
 g - 4 potions of lignification
 j - 9 potions of curing
 m - 6 potions of flight
 w - a potion of ambrosia
 x - a potion of attraction
 D - 2 potions of magic
 I - a potion of brilliance
 P - 2 potions of invisibility
 R - 3 potions of heal wounds


   Skills:
 * Level 14.4 Fighting
 - Level 3.5(11.7) Axes
 * Level 17.1(17.2) Maces & Flails
 * Level 16.6 Armour
 - Level 6.2 Dodging
 * Level 20.0 Shields
 * Level 2.9 Invocations


You had 15 spell levels left.
You didn't know any spells.
Your spell library contained the following spells:

 Spells                   Type           Power      Damage    Failure   Level
 Beastly Appendage        Tmut           0%         N/A       98%         1
 Foxfire                  Conj/Fire      0%         2x1d4     98%         1
 Magic Dart               Conj           0%         1d3       98%         1
 Pain                     Necr           0%         1d4       98%         1
 Call Imp                 Summ           0%         N/A       99%         2
 Corpse Rot               Necr/Air       0%         N/A       99%         2
 Ensorcelled Hibernation  Hex/Ice        0%         N/A       99%         2
 Passwall                 Tmut/Erth      0%         N/A       99%         2
 Poisonous Vapours        Pois/Air       0%         N/A       99%         2
 Sublimation of Blood     Necr           0%         N/A       99%         2
 Wereblood                Tmut           0%         N/A       99%         2
 Conjure Flame            Conj/Fire      0%         6-21      100%        3
 Ignite Poison            Fire/Tmut/Pois 0%         N/A       100%        3
 Inner Flame              Hex/Fire       0%         N/A       100%        3
 Mephitic Cloud           Conj/Pois/Air  0%         N/A       100%        3
 Spider Form              Tmut/Pois      0%         N/A       100%        3
 Swiftness                Air            0%         N/A       100%        3
 Flame Wave               Conj/Fire      0%         2d4       100%        4
 Fulminant Prism          Conj/Hex       0%         3d6       100%        4
 Iskenderun's Mystic Bla  Conj/Tloc      0%         2d3       100%        4
 Petrify                  Tmut/Erth      0%         N/A       100%        4
 Agony                    Necr           0%         N/A       100%        5
 Excruciating Wounds      Necr           0%         N/A       100%        5
 Fireball                 Conj/Fire      0%         3d3       100%        5
 Freezing Cloud           Conj/Ice/Air   0%         6-21      100%        5
 Irradiate                Conj/Tmut      0%         3d13      100%        5
 Lee's Rapid Deconstruct  Erth           0%         3d5*      100%        5
 Metabolic Englaciation   Hex/Ice        0%         N/A       100%        5
 Starburst                Conj/Fire      0%         6d3       100%        6
 Statue Form              Tmut/Erth      0%         N/A       100%        6
 Summon Hydra             Summ           0%         N/A       100%        7
 Ignition                 Fire           0%         3d3       100%        8


Dungeon Overview and Level Annotations

Branches:
Dungeon (14/15)            Temple (1/1) D:6            Lair (6/6) D:10
  Swamp (0/4) Lair:4       Spider (2/4) Lair:2        Slime (0/5) Lair:5
    Orc (2/2) D:11            Elf (0/3) Orc:2        Vaults (0/5) D:13
  IceCv (visited)

Altars:
Ashenzari
Dithmenos
Okawaru
Vehumet
Wu Jian
The Shining One
Beogh
Jiyva

Shops:
D:6 [[*[   D:9 (   Orc:2 *(=[

Annotations:
Spider:2 Arachne


Innate Abilities, Weirdness & Mutations

You have a pair of large horns on your head.
You reflexively headbutt those who attack you in melee.
You are partially covered in iridescent scales. (AC +2)
You are robust. (+10% HP)


Message History

The redback is moderately wounded.
The demonic crawler misses you.
You block the demonic crawler's attack. x2
The redback misses you. You furiously retaliate!
You headbutt the redback! You bludgeon the redback!!
You kill the redback!
The demonic crawler shrieks in warning!
You hear an angry buzzing noise.
You hear an angry hiss. x3
You sock the entropy weaver!
The entropy weaver is lightly wounded.
You bludgeon the entropy weaver!!
Your headbutt misses the entropy weaver.
The entropy weaver is heavily wounded.
You block the entropy weaver's attack. x4; The demonic crawler hits you.
* * * LOW HITPOINT WARNING * * *
The demonic crawler hits you.
* * * LOW HITPOINT WARNING * * *
The demonic crawler misses you.
The entropy weaver casts a spell at you.
The entropic weave corrodes you!
You closely miss the entropy weaver. You headbutt the entropy weaver.
The entropy weaver is heavily wounded.
The demonic crawler hits you.
* * * LOW HITPOINT WARNING * * *
You block the demonic crawler's attack. x2
You block the entropy weaver's attack. The entropy weaver hits you.
* * * LOW HITPOINT WARNING * * *
The entropy weaver hits you!
* * * LOW HITPOINT WARNING * * *
You block the entropy weaver's attack.
You hit the entropy weaver but do no damage.
You headbutt the entropy weaver, but do no damage.
The entropy weaver is heavily wounded.
Unknown command.
You barely miss the entropy weaver. You headbutt the entropy weaver.
The entropy weaver is heavily wounded.
You block the demonic crawler's attack. x3
You block the entropy weaver's attack. The entropy weaver hits you!
* * * LOW HITPOINT WARNING * * *
The entropy weaver hits you!
You die...

#.###..#
#.^...#
#Bs.#
#.###
#.#
##†##
##..s##
#..sBs#
#####@#
###


You could see an entropy weaver, a demonic crawler, a culicivora and a
tarantella.

Vanquished Creatures
  Jorgrun (Orc:1)
  Gastronok (Lair:1)
  An emperor scorpion (Spider:1)
  2 orc warlords
  A ghost moth (Spider:1)
  The ghost of WaxSun the Geomancer, a journeyman DgEE (Lair:6)
  An entropy weaver (Spider:1)
  The ghost of Oluanan the Fighter, a journeyman DsFi of Hepliaklqana (Lair:3)
  A minotaur (Lair:3)
  Snorg (D:11)
  2 boulder beetles (D:13)
  8 vault guards (D:13)
  8 hydras
  3 two-headed ogres
  3 death yaks (Lair:5)
  A centaur warrior (D:14)
  A merfolk avatar (Lair:6)
  A death knight (D:12)
  A death scarab (Spider:1)
  3 orc high priests
  A tengu warrior (D:13)
  Sonja (D:10)
  Urug (D:12)
  2 pharaoh ants (Spider:1)
  A sea snake (Lair:6)
  2 steelbarb worms
  An orb spider (Spider:1)
  3 bog bodies (Lair:4)
  6 orc knights
  4 harpies (Lair:6)
  Pikel (D:7)
  A deep elf pyromancer (D:13)
  5 orc sorcerers
  5 wolf spiders
  3 manticores
  2 ugly things (IceCv)
  A moth of wrath (Spider:1)
  3 cyclopes
  10 elephants
  3 ice statues (IceCv)
  4 black mambas
  A torpor snail (Spider:1)
  An unseen horror (D:12)
  17 cane toads
  2 kobold demonologists
  A demonic crawler (Spider:1)
  9 komodo dragons
  7 rime drakes
  A yaktaur (shapeshifter) (D:13)
  2 tengu conjurers (D:13)
  3 polar bears
  8 trolls
  A meliai (Spider:1)
  14 tarantellas (Spider:1)
  2 hornets (Lair:6)
  26 blink frogs
  A wind drake (Lair:6)
  2 snapping turtles (Lair:6)
  13 jumping spiders
  40 yaks
  3 wyverns
  A yak (shapeshifter) (D:12)
  2 vampires (D:11)
  5 culicivoras
  2 basilisks
  A death yak simulacrum (IceCv)
  2 steam dragons (Lair:4)
  19 redbacks
  8 vampire mosquitoes
  3 harpy simulacra (IceCv)
  10 wargs
  A swamp worm (Lair:4)
  Menkaure (D:6)
  Duvessa (D:5)
  An acid dragon (D:11)
  14 water moccasins
  27 orc warriors
  3 black bears
  2 swamp drakes (Lair:3)
  An ice beast (D:5)
  2 necrophages
  8 centaurs
  10 ogres
  27 wolves
  A lemure (D:7)
  2 kobold brigands
  11 bullfrogs
  A cane toad simulacrum (IceCv)
  2 scorpions (D:5)
  A water moccasin zombie (D:7)
  A water moccasin skeleton (D:6)
  Dowan (D:5)
  3 electric eels
  4 wights
  A howler monkey (D:8)
  3 centaur zombies
  2 bullfrog zombies (D:6)
  2 jellies
  8 hounds
  4 orc priests
  2 centaur skeletons (D:7)
  10 orc wizards
  A polar bear simulacrum (IceCv)
  2 wolf simulacra (IceCv)
  A hound skeleton (D:4)
  A howler monkey zombie (D:9)
  10 gnolls
  3 adders
  A white imp (D:7)
  An ufetubus (D:7)
  An adder skeleton (D:4)
  2 worms (D:4)
  2 dart slugs (D:1)
  53 orcs
  4 bats
  6 endoplasms
  5 giant cockroaches
  6 goblins
  5 hobgoblins
  8 jackals
  4 quokkas
  5 ball pythons
  6 frilled lizards
  15 kobolds
608 creatures vanquished.

Vanquished Creatures (others)
  An acid dragon (D:10)
  An orc (Orc:2)
  29 fungi
  54 plants
85 creatures vanquished.

Grand Total: 693 creatures vanquished

Notes
Turn   | Place    | Note
-------+----------+-------------------------------------------
     0 | D:1      | crimpus the Minotaur Fighter began the quest for the Orb.
     0 | D:1      | Reached XP level 1. HP: 19/19 MP: 0/0
   270 | D:1      | Reached XP level 2. HP: 22/27 MP: 1/1
   915 | D:1      | Found a faded altar of an unknown god.
  1216 | D:2      | Reached XP level 3. HP: 30/33 MP: 2/2
  1363 | D:2      | Reached skill level 4 in Shields
  1714 | D:2      | Identified a scroll of acquirement
  1714 | D:2      | Acquired the +3 pair of seven-league boots {Rampage+∞}
  1714 | D:2      | Found the +3 pair of seven-league boots {Rampage+∞}
  1940 | D:3      | Identified the +1 scale mail of Aruiphum {Fly}
  1961 | D:3      | Gained mutation: You are robust. (+10% HP) [potion of
                  | mutation]
  1961 | D:3      | Gained mutation: You sometimes lose the ability to read
                  | scrolls when taking damage. [potion of mutation]
  2258 | D:3      | Reached XP level 4. HP: 44/44 MP: 3/3
  2334 | D:3      | Identified the +7 mace of Turmoil {vorpal, MP+9}
  2543 | D:3      | Reached skill level 5 in Armour
  2718 | D:3      | Noticed a necrophage
  2724 | D:3      | Killed a necrophage
  2725 | D:3      | Reached skill level 1 in Maces & Flails
  2725 | D:3      | Reached XP level 5. HP: 50/51 MP: 4/4
  2886 | D:4      | Reached XP level 6. HP: 60/60 MP: 5/5
  3751 | D:4      | Reached skill level 5 in Fighting
  3855 | D:5      | Entered Level 5 of the Dungeon
  4020 | D:5      | Reached skill level 5 in Shields
  4042 | D:5      | Reached XP level 7. HP: 64/67 MP: 6/6
  4139 | D:5      | Reached skill level 5 in Maces & Flails
  4411 | D:5      | Noticed Dowan
  4412 | D:5      | Noticed Duvessa
  4421 | D:5      | Killed Duvessa
  4422 | D:5      | Reached XP level 8. HP: 49/75 MP: 7/7
  4430 | D:5      | Killed Dowan
  4996 | D:6      | Found a staircase to the Ecumenical Temple.
  5013 | D:6      | Found Woudoaq's Assorted Antiques.
  5106 | D:6      | Found Ilob's Antique Armour Shop.
  5128 | D:6      | Found Omygroem's Antique Armour Emporium.
  5165 | D:6      | Reached skill level 6 in Shields
  5277 | D:6      | Found Toizok's Antique Armour Emporium.
  5467 | Temple   | Entered the Ecumenical Temple
  5489 | Temple   | Became a worshipper of the Shining One
  5541 | D:6      | Lost mutation: You sometimes lose the ability to read
                  | scrolls when taking damage. [potion of mutation]
  5541 | D:6      | Lost mutation: You are robust. (+10% HP) [potion of
                  | mutation]
  5541 | D:6      | Gained mutation: You have hidden genetic potential. [potion
                  | of mutation]
  5541 | D:6      | Gained mutation: You expend magic power (3 MP) to
                  | strengthen your wands. [potion of mutation]
  5541 | D:6      | Lost mutation: You have hidden genetic potential. [potion
                  | of mutation]
  5614 | D:6      | Noticed Menkaure
  5625 | D:6      | Killed Menkaure
  6224 | D:6      | Bought a pair of fine gloves for 285 gold pieces
  6224 | D:6      | Identified the +2 pair of gloves of the Gastropod {MP+9
                  | Dex+2 Stlth+} (You bought it in a shop on level 6 of the
                  | Dungeon)
  6358 | D:7      | Noticed Pikel
  6367 | D:7      | Killed Pikel
  6368 | D:7      | Reached skill level 1 in Dodging
  6368 | D:7      | Reached XP level 9. HP: 73/75 MP: 8/8
  7129 | D:8      | Reached skill level 7 in Shields
  7211 | D:8      | Reached * piety under the Shining One
  7517 | D:8      | Reached skill level 10 in Maces & Flails
  8275 | D:8      | Reached XP level 10. HP: 28/86 MP: 9/9
  8535 | D:9      | Reached skill level 10 in Armour
  8782 | D:9      | Found Icau's Antique Weapon Shoppe.
  9091 | D:10     | Entered Level 10 of the Dungeon
  9197 | D:10     | Noticed Sonja
  9271 | D:10     | Killed Sonja
  9272 | D:10     | Reached skill level 8 in Shields
  9798 | D:10     | Found a staircase to the Lair.
 10197 | D:10     | Found an ornate altar of the Wu Jian Council.
 10440 | D:11     | Reached ** piety under the Shining One
 10476 | D:11     | Noticed an eight-headed hydra
 10497 | D:12     | Noticed a cyclops
 10501 | D:12     | Killed a cyclops
 10555 | D:12     | Noticed a cyclops
 10572 | D:12     | Killed a cyclops
 10573 | D:12     | Reached XP level 11. HP: 72/95 MP: 10/10
 10818 | D:12     | Found a frozen archway.
 10928 | IceCv    | Entered an ice cave
 10996 | IceCv    | Noticed a white ugly thing
 11007 | IceCv    | Killed a white ugly thing
 12213 | IceCv    | Noticed a white ugly thing
 12220 | IceCv    | Reached skill level 9 in Shields
 12225 | IceCv    | Killed a white ugly thing
 12226 | IceCv    | Found the +8 demon blade "Leech" {vamp, Harm Drain rN+}
 12426 | D:12     | Reached *** piety under the Shining One
 12502 | D:12     | Noticed Urug
 12523 | D:12     | Killed Urug
 12786 | D:12     | Noticed a death knight
 12799 | D:12     | Killed a death knight
 13397 | D:12     | Noticed a two-headed ogre
 13402 | D:12     | Killed a two-headed ogre
 13569 | D:13     | Noticed a vault guard
 13569 | D:13     | Noticed a vault guard
 13569 | D:13     | Noticed a vault guard
 13582 | D:13     | Noticed a vault guard
 13585 | D:13     | Noticed a vault guard
 13586 | D:13     | Noticed a deep elf pyromancer
 13630 | D:13     | Killed a deep elf pyromancer
 13833 | D:13     | Noticed a boulder beetle
 13854 | D:13     | Noticed a vault guard
 13865 | D:13     | Killed a vault guard
 13866 | D:13     | Reached XP level 12. HP: 66/106 MP: 11/11
 13876 | D:13     | Killed a boulder beetle
 13877 | D:13     | Reached skill level 10 in Fighting
 13904 | D:13     | Noticed a boulder beetle
 14228 | D:13     | Noticed a vault guard
 14254 | D:13     | Killed a vault guard
 14303 | D:13     | Found a gate to the Vaults.
 14341 | D:13     | Killed a vault guard
 14368 | D:13     | Killed a vault guard
 14372 | D:13     | Killed a boulder beetle
 15003 | D:13     | Killed a vault guard
 15017 | D:13     | Killed a vault guard
 15083 | D:13     | Noticed a vault guard
 15098 | D:13     | Killed a vault guard
 15099 | D:13     | Reached skill level 10 in Shields
 15399 | D:13     | Killed a vault guard
 15484 | D:14     | Noticed a tengu warrior
 15484 | D:14     | Noticed a centaur warrior
 15501 | D:13     | Killed a tengu warrior
 15502 | D:13     | Reached skill level 5 in Dodging
 15653 | D:14     | Killed a centaur warrior
 15820 | D:11     | Killed an eight-headed hydra
 15825 | D:11     | Reached skill level 15 in Maces & Flails
 15862 | D:11     | Reached skill level 11 in Shields
 16086 | D:11     | Found a staircase to the Orcish Mines.
 16089 | D:11     | Reached **** piety under the Shining One
 16219 | D:11     | Reached XP level 13. HP: 116/116 MP: 12/12
 16544 | D:11     | Identified the +2 rapier "Duofir" {vorpal, rPois MP+9 Int-4
                  | Dex+8}
 17164 | Lair:1   | Entered Level 1 of the Lair of Beasts
 17595 | Lair:1   | Noticed Gastronok
 17604 | Lair:1   | Killed Gastronok
 17605 | Lair:1   | Reached skill level 12 in Shields
 18780 | Lair:2   | Reached skill level 15 in Armour
 19014 | Lair:2   | Found a hole to the Spider Nest.
 19462 | Lair:3   | Reached skill level 13 in Shields
 19623 | Lair:3   | Noticed Oluanan's ghost (journeyman DsFi)
 19639 | Lair:3   | Noticed a minotaur
 19654 | Lair:3   | Found a runed translucent gate.
 19654 | Lair:3   | Found a runed translucent gate.
 19654 | Lair:3   | Found a runed translucent gate.
 20575 | Lair:3   | Killed Oluanan's ghost
 20578 | Lair:3   | Killed a minotaur
 20643 | Lair:4   | Reached ***** piety under the Shining One
 20783 | Lair:4   | Reached skill level 14 in Shields
 20859 | Lair:4   | Reached XP level 14. HP: 114/127 MP: 13/13
 20957 | Lair:4   | Found a shadowy altar of Dithmenos.
 21159 | Lair:4   | You fall into a shaft and drop 2 floors!
 21159 | Lair:6   | Entered Level 6 of the Lair of Beasts
 22611 | Lair:4   | Reached skill level 15 in Shields
 23219 | Lair:4   | Found a staircase to the Swamp.
 24249 | Lair:5   | Found a viscous altar of Jiyva.
 24249 | Lair:5   | Found a staircase to the Slime Pits.
 24618 | Lair:6   | Reached skill level 16 in Shields
 25323 | Lair:6   | Identified the amulet of Ceroug {Spirit rC+ Dex+3 Stlth+}
 25805 | Lair:6   | Found a runed translucent door.
 25809 | Lair:6   | Noticed WaxSun's ghost (journeyman DgEE)
 25879 | Lair:6   | Killed WaxSun's ghost
 26501 | Orc:1    | Entered Level 1 of the Orcish Mines
 26800 | Orc:1    | Noticed an orc warlord
 27068 | Orc:1    | Killed an orc warlord
 27069 | Orc:1    | Reached skill level 17 in Shields
 27069 | Orc:1    | Reached XP level 15. HP: 98/137 MP: 14/14
 27262 | Orc:1    | Noticed Jorgrun
 27591 | Orc:1    | Killed Jorgrun
 28336 | Orc:2    | Entered Level 2 of the Orcish Mines
 28336 | Orc:2    | Noticed an orc warlord
 28336 | Orc:2    | Noticed Snorg
 28336 | Orc:2    | Found Ykarin's Jewellery Boutique.
 28759 | D:11     | Killed an orc warlord
 29111 | D:11     | Killed Snorg
 29302 | Orc:2    | Reached skill level 1 in Invocations
 29332 | Orc:2    | Bought an amulet of reflection for 510 gold pieces
 29387 | Orc:2    | Found a staircase to the Elven Halls.
 29806 | Orc:2    | Found Avvisoap's Antique Armour Emporium.
 30009 | Orc:2    | Found Celiz's Antique Weapon Shoppe.
 30142 | Orc:2    | Reached skill level 18 in Shields
 30371 | Orc:2    | Found Ener's General Store.
 30379 | Orc:2    | Bought a potion of mutation for 88 gold pieces
 30379 | Orc:2    | Lost mutation: You expend magic power (3 MP) to strengthen
                  | your wands. [potion of mutation]
 30379 | Orc:2    | Gained mutation: You are frail. (-10% HP) [potion of
                  | mutation]
 30379 | Orc:2    | Gained mutation: You expend magic power (3 MP) to
                  | strengthen your wands. [potion of mutation]
 30380 | Orc:2    | Lost mutation: You are frail. (-10% HP) [potion of
                  | mutation]
 30380 | Orc:2    | Lost mutation: You expend magic power (3 MP) to strengthen
                  | your wands. [potion of mutation]
 30380 | Orc:2    | Gained mutation: You are occasionally teleported next to
                  | monsters. [potion of mutation]
 30380 | Orc:2    | Gained mutation: A frigid envelope surrounds you and
                  | freezes all who hurt you. [potion of mutation]
 30381 | Orc:2    | Lost mutation: A frigid envelope surrounds you and freezes
                  | all who hurt you. [potion of mutation]
 30381 | Orc:2    | Lost mutation: You are occasionally teleported next to
                  | monsters. [potion of mutation]
 30381 | Orc:2    | Gained mutation: You are robust. (+10% HP) [potion of
                  | mutation]
 30381 | Orc:2    | Gained mutation: You are partially covered in iridescent
                  | scales. (AC +2) [potion of mutation]
 30381 | Orc:2    | Gained mutation: You have a pair of large horns on your
                  | head. [potion of mutation]
 31254 | Spider:1 | Entered Level 1 of the Spider Nest
 31425 | Spider:1 | Reached skill level 19 in Shields
 31425 | Spider:1 | Reached XP level 16. HP: 155/160 MP: 16/16
 31581 | Spider:1 | Reached ****** piety under the Shining One
 32925 | Spider:2 | Noticed Arachne
 32961 | Spider:2 | Reached skill level 20 in Shields
 32986 | Spider:2 | Mangled by an entropy weaver

Illustrated notes

Levels and vault maps discovered:
D:1:      sevenhm_arrival_forest_fort_large_2, layout_rooms,
          shapermc_ecumenical_altar_acropolis
D:2:      layout_loops_cross
D:3:      layout_loops_ring
D:4:      kennysheep_spiral_hall, layout_loops_ring
D:5:      layout_layer_cave, st_stairs_14, uniq_duvessa
D:6:      layout_gridville, minmay_temple_entry_sparse_star, serial_shops,
          nicolae_shop_hallway_stairs, shop, nicolae_shop_waterfront, shop,
          chequers_serial_rivers_micro_c, uniq_menkaure
D:7:      layout_loops_ring, uniq_pikel, uniq_crazy_yiuf_cottage
D:8:      layout_cave_pools
D:9:      layout_basic, grunt_decor_junction, nicolae_inconvenience_store
D:10:     layout_loops_cross, nicolae_wu_jian_glorious_leap, erik_lair_island,
          uniq_sonja
D:11:     layout_long_grid, david_orc_5, st_stairs_2
D:12:     layout_long_grid, portal_ice_cave_rime, uniq_urug
D:13:     layout_rooms, erik_vaults_2
D:14:     minmay_connected_triangles_in_corner, layout_loops_ring,
          trog_three_pillars_becter, ebering_ghost_rock_garden,
          blue_anna_alchemist, uniq_frances
Temple:   mainiacjoe_temple_archimedes_tessellation
Lair:1:   layout_hall_layers, uniq_gastronok
Lair:2:   layout_gridlike, nicolae_spider_entry_tight_spaces
Lair:3:   layout_small_grid, maelrawn_ghost_gauntlet_escape, pond
Lair:4:   layout_misc_corridors, nicolae_swamp_entry_splash_gauntlet,
          basic_altar, serial_bayou_shore_b
Lair:5:   layout_hall_layers, dpeg_slime_entry_enclosed_altar
Lair:6:   gammafunk_lair_ancient_temple, layout_loops_ring,
          ebering_ghost_reflecting_pool
Spider:1: nicolae_spider_hilbert_zone_3 [nicolae_spider_hilbert_4_sides_2_open,
          nicolae_spider_hilbert_3_sides_1_open,
          nicolae_spider_hilbert_3_sides_1_open,
          nicolae_spider_hilbert_3_sides_1_open,
          nicolae_spider_hilbert_3_sides_1_open,
          nicolae_spider_hilbert_4_sides_1_open,
          nicolae_spider_hilbert_4_sides_1_open,
          nicolae_spider_hilbert_4_sides_1_open,
          nicolae_spider_hilbert_4_sides_1_open,
          nicolae_spider_hilbert_4_sides_1_open,
          nicolae_spider_hilbert_4_sides_1_open,
          nicolae_spider_hilbert_4_sides_1_open,
          nicolae_spider_hilbert_4_sides_1_open,
          nicolae_spider_hilbert_3_sides_1_open,
          nicolae_spider_hilbert_3_sides_1_open,
          nicolae_spider_hilbert_3_sides_1_open,
          nicolae_spider_hilbert_3_sides_1_open], hangedman_spider_mandibles,
          drop_trap
Spider:2: layout_cave_pods, uniq_louise, uniq_arachne
Orc:1:    layout_diamond_mine, serial_shops, shop, mines5_lemuel, uniq_jorgrun
Orc:2:    grunt_orc_gardens, layout_caves, grunt_orc_garden, grunt_orc_garden,
          grunt_orc_garden, grunt_orc_garden, basic_altar, uniq_snorg

Skill      XL: |  1  2  3  4  5  6  7  8  9 10 11 12 13 14 15 16 |
---------------+-------------------------------------------------+-----
Armour         | 4 5 6 7 8 9 11 12 14 15 16 | 16.6
Fighting       | 4 5 6 7 8 9 11 12 13 14 | 14.4
Shields        | 4 5 6 7 8 9 11 14 17 19 20 | 20.0
Axes           | 3 |  3.5
Maces & Flails | 1 2 4 6 8 10 12 14 15 16 17 | 17.1
Dodging        | 1 2 4 5 6 |  6.2
Invocations    | 1 2 |  2.9

Action                   |  1- 3 |  4- 6 |  7- 9 | 10-12 | 13-15 | 16-18 || total
-------------------------+-------+-------+-------+-------+-------+-------++-------
Melee: War axe           |    94 |     7 |       |       |       |       ||   101
       Headbutt          |    13 |    13 |    45 |   180 |   354 |    59 ||   664
       Mace              |       |    89 |   149 |   578 |  1120 |   178 ||  2114
Invok: Divine Shield     |       |       |       |       |       |     1 ||     1
  Use: Scroll            |     4 |     5 |     8 |     9 |     8 |     2 ||    36
       Potion            |     1 |       |     2 |     3 |    10 |     3 ||    19
Armor: Scale mail        |    48 |    47 |    85 |    13 |       |       ||   193
       Chain mail        |       |       |       |   208 |   468 |    61 ||   737
Dodge: Dodged            |    46 |    41 |    43 |   189 |   491 |    83 ||   893
Block: Buckler           |    19 |    30 |    48 |    87 |       |       ||   184
       Tower shield      |       |       |       |   159 |  1283 |   297 ||  1739
       Reflection        |       |       |       |       |     1 |     3 ||     4
